 Dungeon Crawl Stone Soup version 0.21.1-1-g345015fe64 (webtiles) character file.

1379 Lavandula the Cleaver (level 8, 0/63 HPs)
             Began as a Centaur Berserker on June 3, 2018.
             Was a Priest of Trog.
             Slain by a killer bee (6 damage)
             ... on level 8 of the Dungeon.
             The game lasted 00:13:38 (1920 turns).

Lavandula the Cleaver (Centaur Berserker)           Turns: 1920, Time: 00:13:39

Health: 0/63       AC:  5    Str: 22    XL:     8   Next: 39%
Magic:  9/9        EV: 10    Int:  6    God:    Trog [***...]
Gold:   130        SH:  0    Dex:  9    Spells: 7/7 levels left

rFire    . . .     SeeInvis +   y - +0 war axe
rCold    . . .     Gourm    .   (no shield)
rNeg     . . .     Faith    .   b - +0 animal skin
rPois    .         Spirit   .   (no helmet)
rElec    .         Reflect  .   q - +0 cloak
rCorr    +         Harm     .   (no gloves)
MR       .....                  (no barding)
Stlth    +.........             (no amulet)
HPRegen  0.20/turn              m - ring of see invisible
MPRegen  0.11/turn              h - ring of resist corrosion

@: berserk cooldown, slowed
A: large, hooves 3, deformed body, speed 2, tough skin 3
a: Berserk, Trog's Hand, Burn Spellbooks, Renounce Religion


You were on level 8 of the Dungeon.
You worshipped Trog.
Trog was most pleased with you.
You were not hungry.

You visited 1 branch of the dungeon, and saw 8 of its levels.

You collected 130 gold pieces.

Inventory:

Hand Weapons
 a - a +0 hand axe
 e - a +2 whip of flaming
 y - a +0 war axe (weapon)
Missiles
 s - 10 tomahawks
 w - 4 javelins (quivered)
Armour
 b - a +0 animal skin (worn)
 q - a +0 cloak (worn)
Jewellery
 h - a ring of resist corrosion (right hand)
 m - a ring of see invisible (left hand)
Wands
 j - a wand of polymorph (16)
 u - a wand of disintegration (17)
 x - a wand of paralysis (20)
Scrolls
 f - 2 scrolls of remove curse
 i - a scroll of fog {unknown}
 o - a scroll of enchant weapon {unknown}
 p - 4 scrolls of teleportation
 r - a scroll of immolation {unknown}
 t - 2 scrolls of fear
 B - a scroll of magic mapping {unknown}
Potions
 d - 2 potions of agility
 g - 2 potions of heal wounds
 k - a potion of berserk rage
 l - a potion of cancellation {unknown}
 n - a potion of might {unknown}
 A - a potion of flight {unknown}
Books
 z - a Young Poisoner's Handbook

   Spells                             Type                      Level
   a - Sting                          Conjuration/Poison           1
   b - Poisonous Vapours              Poison/Air                   2
   c - Mephitic Cloud                 Conjuration/Poison/Air       3
   d - Olgreb's Toxic Radiance        Poison                       4
   e - Venom Bolt                     Conjuration/Poison           5
   Trog disapproves of the use of such an item.
Comestibles
 c - 13 rations


   Skills:
 - Level 3.0 Fighting
 + Level 9.4 Axes
 - Level 1.4 Armour
 - Level 1.4 Dodging
 - Level 2.6 Evocations


You had 7 spell levels left.
You didn't know any spells.

Dungeon Overview and Level Annotations

Branches:
Dungeon (8/15)             Temple (0/1) D:5
   Lair: D:8-11

Altars:
Dithmenos
Fedhas
Yredelemnul

Annotations:
D:6 yann's ghost, novice MfSu


Innate Abilities, Weirdness & Mutations

You have hooves in place of feet.
Armour fits poorly on your strangely shaped body.
You cover ground very quickly.
You have extremely tough skin. (AC +3)


Message History

The black bear claws you but does no damage.
The black bear claws you.
* * * LOW HITPOINT WARNING * * *
You feel a strong urge to attack something.
* * * LOW HITPOINT WARNING * * *
You feel sick. The killer bee stings you.
* * * LOW HITPOINT WARNING * * *
You are more poisoned.
The killer bee poisons you!
You are too berserk!
Unknown command.
You are no longer berserk.
You are exhausted.
You feel yourself slow down.
* * * LOW HITPOINT WARNING * * *
You feel sick.
Unknown command.
You feel better. The killer bee barely misses you.
The killer bee closely misses you. x2; The killer bee stings you.
You die...

#..###
#....#####
##........#
#.......#.#
#=.†....#.#
#.$.....#h#
##..h..##.#
##yyy###.#
#y@## #.#
#.#.# #.#
### ..###.#
#.# ..# #.#
#.##.# #.#
#.# #...#
#.# ##
#.#..# #.##
#.
##.######..#
#.
#..........#
#.
#.###.###..#


You could see a black bear and 4 killer bees.

Vanquished Creatures
  A hornet (D:8)
  Sigmund (D:3)
  An orc warrior (D:6)
  2 phantoms
  A centaur (D:5)
  A bullfrog (D:6)
  4 killer bees
  A crimson imp (D:6)
  A jelly (D:5)
  2 hounds
  2 iguanas
  An orc wizard (D:3)
  A worker ant (D:6)
  A hound skeleton (D:5)
  11 adders
  2 shadow imps
  A worm (D:3)
  A dart slug (D:5)
  3 leopard geckos (D:2)
  6 orcs
  3 bats
  2 giant cockroaches
  5 goblins
  6 hobgoblins
  3 quokkas
  A frilled lizard (D:3)
  5 kobolds
  A leopard gecko skeleton (D:5)
  A quokka skeleton (D:5)
  22 rats
93 creatures vanquished.

Notes
Turn   | Place    | Note
-------+----------+-------------------------------------------
     0 | D:1      | Lavandula the Centaur Berserker began the quest for the Orb.
     0 | D:1      | Reached XP level 1. HP: 19/19 MP: 1/1
    97 | D:2      | Reached skill level 3 in Axes
    97 | D:2      | Reached XP level 2. HP: 26/26 MP: 2/2
   100 | D:2      | Reached XP level 3. HP: 31/31 MP: 3/3
   106 | D:2      | Reached skill level 4 in Axes
   245 | D:2      | Reached ** piety under Trog
   265 | D:2      | Reached XP level 4. HP: 29/38 MP: 4/4
   315 | D:2      | Found a shadowy altar of Dithmenos.
   407 | D:3      | Noticed Sigmund
   417 | D:3      | Killed Sigmund
   417 | D:3      | Reached skill level 6 in Axes
   417 | D:3      | Reached XP level 5. HP: 42/45 MP: 5/5
   512 | D:3      | Reached XP level 6. HP: 51/51 MP: 6/6
   679 | D:5      | Entered Level 5 of the Dungeon
   679 | D:5      | Found a staircase to the Ecumenical Temple.
   807 | D:3      | Reached *** piety under Trog
   881 | D:3      | You fall through a shaft for 2 floors!
   899 | D:5      | Reached skill level 7 in Axes
  1157 | D:5      | Reached skill level 1 in Evocations
  1157 | D:5      | Reached XP level 7. HP: 41/57 MP: 7/7
  1374 | D:6      | HP: 2/57 [phantom (2)]
  1388 | D:6      | Reached skill level 8 in Axes
  1453 | D:6      | Noticed yann's ghost (novice MfSu)
  1567 | D:6      | Found a blossoming altar of Fedhas.
  1785 | D:7      | Reached XP level 8. HP: 63/63 MP: 9/9
  1871 | D:8      | Noticed a hornet
  1871 | D:8      | Found a basalt altar of Yredelemnul.
  1876 | D:8      | Killed a hornet
  1876 | D:8      | Reached skill level 9 in Axes
  1916 | D:8      | HP: 3/94 [black bear (2)]
  1918 | D:8      | HP: 1/94 [killer bee (1)]
  1920 | D:8      | Slain by a killer bee

Skill      XL: |  1  2  3  4  5  6  7  8 |
---------------+-------------------------+-----
Axes           | 3 4 6 7 8 9 |  9.4
Evocations     | 1 2 |  2.6
Fighting       | |  3.0
Armour         | |  1.4
Dodging        | |  1.4

Action                   |  1- 3 |  4- 6 |  7- 9 || total
-------------------------+-------+-------+-------++-------
Melee: Hand axe          |    28 |   107 |     3 ||   138
       Kick              |     3 |    13 |     8 ||    24
       War axe           |       |       |    48 ||    48
Throw: Javelin           |       |       |     4 ||     4
Invok: Berserk           |     2 |     6 |     6 ||    14
Evoke: Wand              |       |       |     1 ||     1
  Use: Scroll            |       |     6 |     2 ||     8
       Potion            |       |       |     2 ||     2
  Eat: Chunk             |       |     7 |     5 ||    12
       Ration            |       |       |     1 ||     1
Armor: Animal skin       |    12 |    44 |    19 ||    75
Dodge: Dodged            |    18 |    69 |    32 ||   119
